 Dungeon Crawl Stone Soup version 0.26-a0-651-gb41185065b (webtiles) character file.

Game seed: 6665680986229296883

18 Flugslaktarn the Covered (level 2, -1/28 HPs)
             Began as a Deep Dwarf Fighter on Oct 6, 2020.
             Slain by Sigmund
             ... wielding a +0 scythe
              (8 damage)
             ... on level 2 of the Dungeon.
             The game lasted 00:00:15 (373 turns).

Flugslaktarn the Covered (Deep Dwarf Fighter)        Turns: 373, Time: 00:00:15

Health: -1/28      AC:  6    Str: 19    XL:     2   Next: 48%
Magic:  2/2        EV:  7    Int:  8    God:
Gold:   27         SH:  9    Dex: 12    Spells: 1/1 levels left

rFire    . . .     SeeInvis .   a - +0 war axe
rCold    . . .     Faith    .   c - +0 kite shield
rNeg     . . .     Spirit   .   b - +0 scale mail
rPois    .         Reflect  .   (no helmet)
rElec    .         Harm     .   (no cloak)
rCorr    .         Rampage  .   (no gloves)
MR       .....                  (no boots)
Stlth    ..........             (no amulet)
HPRegen  0.00/turn              (no ring)
MPRegen  0.08/turn              (no ring)

@: non-regenerating
A: damage resistance, heal wounds, sense surroundings 1, no regeneration
a: Heal Wounds


You were on level 2 of the Dungeon.
You visited 1 branch of the dungeon, and saw 2 of its levels.

You collected 27 gold pieces.

Inventory:

Hand Weapons
 a - a +0 war axe (weapon)
Missiles
 f - a throwing net (quivered)
Armour
 b - a +0 scale mail (worn)
 c - a +0 kite shield (worn)
Scrolls
 e - a scroll of magic mapping {unknown}
 h - a scroll of identify {unknown}
 i - a scroll of blinking {unknown}
 l - a scroll of immolation {unknown}
 m - a scroll of noise {unknown}
Potions
 d - a potion of might
 g - a potion of lignification {unknown}
 j - a potion of brilliance {unknown}
 k - a potion of mutation {unknown}


   Skills:
 * Level 3.0 Fighting
 * Level 2.6 Axes
 + Level 3.5 Armour
 + Level 3.4 Shields


You had one spell level left.
You didn't know any spells.
Your spell library was empty.

Dungeon Overview and Level Annotations

Branches:
Dungeon (2/15)

Altars:

Annotations:
D:2 Sigmund


Innate Abilities, Weirdness & Mutations

You are resistant to damage.
You can heal yourself by infusing magical energy.
You passively map a small area around you.
You do not regenerate.


Message History

Something hits you but does no damage.
The frilled lizard bites you but does no damage.
You closely miss the frilled lizard. You barely miss something.
You block the frilled lizard's attack. Something hits you but does no damage.
The frilled lizard barely misses you.
You closely miss the frilled lizard. You closely miss something.
Something hits you but does no damage.
The frilled lizard bites you but does no damage.
You hit something but do no damage.
Your shield prevents you from hitting the frilled lizard.
The frilled lizard bites you. You block something's attack.
You block the frilled lizard's attack.
You fail to use your ability.
Something hits you but does no damage.
The frilled lizard bites you but does no damage.
You closely miss something. You miss the frilled lizard.
The frilled lizard bites you. Something hits you!
* * * LOW HITPOINT WARNING * * *
You closely miss something. You barely miss the frilled lizard.
The frilled lizard closely misses you. Something hits you!
You die...

#### #...# ,* ,..#
####...#####* #.#
#........... ,
##)########.........#
#....................
,,
#.#.#######........,
.###.## #.##..{#*, ##
##.#####>##.l@#### ,
* #
##...(.((((.>...#, ,
##
##.####.#####........
.###.## #.# #######.#
, #.#.## #.# * ,
#..## ##.# #.####
#..# * * .....####.##
#......#...######* *


You could see a frilled lizard.

Vanquished Creatures
  A goblin (D:2)
  A hobgoblin (D:1)
  8 jackals (D:1)
  A frilled lizard (D:1)
  2 kobolds (D:1)
  3 rats (D:1)
16 creatures vanquished.

Notes
Turn   | Place    | Note
-------+----------+-------------------------------------------
     0 | D:1      | Flugslaktarn the Deep Dwarf Fighter began the quest for the
                  | Orb.
     0 | D:1      | Reached XP level 1. HP: 20/20 MP: 1/1
   176 | D:1      | Reached XP level 2. HP: 27/27 MP: 2/2
   356 | D:2      | Noticed Sigmund
   373 | D:2      | Slain by Sigmund

Illustrated notes

Levels and vault maps discovered:
D:1:      dpeg_arrival_circle_labyrinth_c, layout_basic
D:2:      layout_loops_ring, lemuel_blue_sif_altar, uniq_crazy_yiuf_cottage,
          uniq_sigmund

Skill      XL: |  1  2 |
---------------+-------+-----
Fighting       | 3 |  3.0
Axes           | |  2.6
Armour         | |  3.5
Shields        | |  3.4

Action                   || total
-------------------------++-------
Melee: War axe           ||    51
Armor: Scale mail        ||    41
Dodge: Dodged            ||    30
Block: Kite shield       ||    38

Table legend: (Time is in decaauts)
 A = Elapsed time spent in this place.
 B = Non-inter-level travel time spent in this place.
 C = Inter-level travel time spent in this place.
 D = Time resting spent in this place.
 E = Time spent auto-exploring this place.
 F = Levels seen in this place.
 G = Mean time per level.
                   A        B        C        D        E       F      G
               +--------+--------+--------+--------+--------+-----+--------+
         Total |    395 |    357 |     38 |      0 |    238 |   2 |  197.5 |
       Dungeon |    395 |    357 |     38 |      0 |    238 |   2 |  197.5 |
               +--------+--------+--------+--------+--------+-----+--------+

Top non-repeatable levels by time:
     D:1: 298 daAuts
     D:2: 97 daAuts
